 Dungeon Crawl Stone Soup version 0.30.1-11-g7821555f0a (webtiles) character file.

Game seed: 13292461246908613754

22824 Peloso the Carver (level 12, -6/110 HPs)
             Began as a Minotaur Fighter on Oct 28, 2023.
             Was a High Priest of Okawaru.
             Mangled by a black mamba (13 damage)
             ... on level 2 of the Lair of Beasts.
             The game lasted 00:27:56 (12725 turns).

Peloso the Carver (Minotaur Fighter)               Turns: 12725, Time: 00:27:56

Health: -6/110     AC: 19    Str: 22    XL:     12   Next: 66%
Magic:  12/12      EV:  9    Int:  5    God:    Okawaru [*****.]
Gold:   259        SH:  0    Dex: 14    Spells: 11/11 levels left

rFire   + . .        a - +2 scimitar (flame)
rCold   + + .        d - +0 kite shield {rC+}
rNeg    . . .        B - +2 chain mail {rF+}
rPois   .            R - +0 mask of the Dragon {Will+ Slay+3 SInv}
rElec   .            (no cloak)
rCorr   .            s - +0 pair of gloves
SInv    +            (no boots)
Will    +....        U - amulet "Nise" {Regen+ Stlth+} Stlth
                     i - +4 ring of protection
HPRegen 1.18/turn    h - ring of protection from cold
MPRegen 0.13/turn

%: no passive effects
@: confused, lethally poisoned (-6 -> -23), ambrosia-drunk
A: horns 2, retaliatory headbutt
a: Renounce Religion, Heroism, Finesse, Duel


You were on level 2 of the Lair of Beasts.
You worshipped Okawaru.
Okawaru was extremely pleased with you.
You visited 3 branches of the dungeon, and saw 14 of its levels.
You also visited: Ice Cave.

You collected 927 gold pieces.
You spent 668 gold pieces at shops.

Inventory:

Hand Weapons
 a - a +2 scimitar of flaming (weapon)
 c - a +0 long sword
Missiles
 b - a javelin (quivered)
Armour
 d - a +0 kite shield of cold resistance (worn)
 k - a +0 plate armour
 s - a +0 pair of gloves (worn)
 B - a +2 chain mail of fire resistance (worn)
 R - the +0 mask of the Dragon (worn) {Will+ Slay+3 SInv}
   (You bought it in a shop on level 2 of the Dungeon)

   Slay:      It affects your accuracy & damage with ranged weapons and melee
   (+3).
   SInv:      It lets you see invisible.
   Will:      It increases your willpower.
Jewellery
 e - a ring of ice
 h - a ring of protection from cold (right hand)
 i - a +4 ring of protection (left hand)
 j - a ring of magical power
 r - an amulet of the acrobat
 z - a +6 ring of strength
 D - a ring of poison resistance
 J - a ring of flight
 L - a +5 ring of evasion
 P - an amulet of magic regeneration
 U - the amulet "Nise" (around neck) {Regen+ Stlth+}
   (You found it on level 1 of the Lair of Beasts)

   [amulet of regeneration]

   Regen:     It increases your rate of health regeneration.
   Stlth:     It makes you more stealthy.
Wands
 p - a wand of flame (37)
 w - a wand of roots (8)
 O - a wand of mindburst (8)
 S - a wand of polymorph (4)
 T - a wand of acid (12)
Scrolls
 g - 7 scrolls of identify
 m - 3 scrolls of fog
 n - 3 scrolls of amnesia
 o - 2 scrolls of immolation
 t - a scroll of enchant armour
 y - 2 scrolls of fear
 A - 2 scrolls of enchant weapon
 C - a scroll of silence
 H - 3 scrolls of teleportation
Potions
 f - 3 potions of flight
 l - 2 potions of might
 v - 5 potions of mutation
 x - a potion of invisibility
 K - 3 potions of attraction
 N - a potion of cancellation
Miscellaneous
 M - a lightning rod (4/4)


   Skills:
 + Level 11.0 Fighting
 + Level 10.4(13.0) Short Blades
 + Level 13.5(15.2) Long Blades
 + Level 11.7 Armour
 + Level 4.6 Dodging
 + Level 2.1 Stealth
 + Level 9.2 Shields
 + Level 2.0 Invocations
 + Level 1.7 Evocations


You had 11 spell levels left.
You didn't know any spells.
Your spell library contained the following spells:

 Spells                   Type           Power      Damage    Failure   Level
 Sandblast                Erth           0%         2d4       99%         1
 Sting                    Tmut/Pois      0%         1d3       99%         1
 Cigotuvi's Dreadful Rot  Necr/Pois/Air  0%         N/A       100%        2
 Lesser Beckoning         Tloc           0%         N/A       100%        2
 Passwall                 Tmut/Erth      0%         N/A       100%        2
 Sublimation of Blood     Necr           0%         N/A       100%        2
 Dazzling Flash           Conj/Hex       0%         N/A       100%        3
 Gell's Gravitas          Tloc           0%         N/A       100%        3
 Ignite Poison            Fire/Tmut/Pois 0%         N/A       100%        3
 Ozocubu's Armour         Ice            0%         N/A       100%        3
 Stone Arrow              Conj/Erth      0%         3d7       100%        3
 Teleport Other           Tloc           0%         N/A       100%        3
 Ice Form                 Ice/Tmut       0%         N/A       100%        4
 Petrify                  Tmut/Erth      0%         N/A       100%        4
 Agony                    Necr           0%         N/A       100%        5
 Freezing Cloud           Conj/Ice/Air   0%         6-21      100%        5
 Irradiate                Conj/Tmut      0%         3d11      100%        5
 Metabolic Englaciation   Hex/Ice        0%         N/A       100%        5
 Silence                  Hex/Air        0%         N/A       100%        5
 Ozocubu's Refrigeration  Ice            0%         4d7       100%        7
 Lehudib's Crystal Spear  Conj/Erth      0%         10d2      100%        8
 Polar Vortex             Ice            0%         N/A       100%        9
 Animate Armour           Summ/Erth      Unusable   N/A       N/A         4
 Simulacrum               Ice/Necr       Unusable   N/A       N/A         6

Dungeon Overview and Level Annotations

Branches:
Dungeon (11/15)            Temple (1/1) D:4            Lair (2/5) D:11
  IceCv (visited)
  Swamp: Lair:2-3    Shoals: Lair:2-3     Snake: Lair:2-3    Spider: Lair:2-3
    Orc: D:9-12

Altars:
Ashenzari
Cheibriados
Dithmenos
Elyvilon
Fedhas
Gozag
Hepliaklqana
Kikubaaqudgha
Makhleb
Nemelex Xobeh
Okawaru
Qazlal
Ru
Sif Muna
Trog
Uskayaw
Vehumet
Wu Jian
Xom
Yredelemnul
Zin
The Shining One
Lugonu

Shops:
D:2 [   D:4 (   D:8 *   D:9 ?

Annotations:
D:1 1 runed translucent door
D:6 2 transporters
D:11 1 runed translucent door, ripuliukko's ghost, journeyman DsEE


Innate Abilities, Weirdness & Mutations

You have a pair of horns on your head.
You reflexively headbutt those who attack you in melee.


Message History

You closely miss the black mamba. Your headbutt misses the black mamba.
The black mamba is almost dead.
You feel very sick. You block the black mamba's attack.
A yak comes into view.
You closely miss the black mamba.
The black mamba is almost dead.
You feel very sick. The black mamba bites you.
* * * LOW HITPOINT WARNING * * *
The black mamba bites you!
* * * LOW HITPOINT WARNING * * *
You are confused.
You feel invigorated.
You feel very sick. The black mamba bites you.
* * * LOW HITPOINT WARNING * * *
The black mamba bites you but does no damage.
Unknown command.
You miss the black mamba. Your headbutt misses the black mamba.
The black mamba is almost dead.
You feel very sick.
The black mamba bites you but does no damage.
Unknown command.
You bump into the rock wall.
You feel very sick. The black mamba bites you.
* * * LOW HITPOINT WARNING * * *
The black mamba bites you.
* * * LOW HITPOINT WARNING * * *
You are lethally poisoned!
The black mamba poisons you!
Unknown command.
You bump into the rock wall.
* * * LOW HITPOINT WARNING * * *
You feel extremely sick.
The black mamba bites you but does no damage.
A polar bear comes into view. x2
The black mamba bites you!
You die...

...# ... #........## #†.#
#..##....Y...P ..##
#..#..Y..... ...#
#.........# .P## #P...h#
..###### ### #...h##
.†##.#P# ####.# ##....#.#
.......###(...####YY.......
......###....##.@SYY.......#
................####.......#
#####..#...PP...# #........
#..........## #........
#..........# ###......
#.........## #....
#####...### <.. #.### ###


You could see 2 polar bears, a black mamba and 4 yaks.

Vanquished Creatures
  Josephine (D:11)
  A centaur warrior (D:8)
  Erica (D:8)
  2 two-headed ogres (D:10)
  Lodul (D:11)
  A deep elf pyromancer (D:9)
  A wizard (D:8)
  A manticore (D:11)
  An ugly thing (IceCv)
  A cyclops (D:9)
  A black mamba (Lair:1)
  10 cane toads
  3 ice statues (IceCv)
  A gargoyle (D:11)
  2 rime drakes (Lair:1)
  3 komodo dragons
  A freezing wraith (IceCv)
  5 trolls
  4 blink frogs (Lair:1)
  6 wraiths (D:11)
  A wyvern (Lair:1)
  16 yaks
  2 basilisks
  A steam dragon (D:8)
  A death yak simulacrum (IceCv)
  2 harpy simulacra (IceCv)
  Menkaure (D:4)
  An acid dragon (D:11)
  A swamp worm (shapeshifter) (D:8)
  6 water moccasins
  Duvessa (D:7)
  3 orc warriors
  A sky beast (D:7)
  3 ice beasts
  A black bear (D:4)
  10 ogres
  4 wolves (Lair:1)
  2 centaurs
  A phantom (D:6)
  3 kobold brigands
  5 bullfrogs
  2 gnoll sergeants (D:9)
  2 scorpions
  3 wights (D:7)
  Dowan (D:7)
  2 elephant simulacra (IceCv)
  4 howler monkeys
  A jelly (D:7)
  2 hounds (D:4)
  4 orc priests
  A gnoll bouda (D:5)
  4 iguanas
  7 orc wizards
  A polar bear simulacrum (IceCv)
  4 hell rats (Lair:1)
  A wolf simulacrum (IceCv)
  18 gnolls
  8 adders
  A shadow imp (D:6)
  A white imp (D:5)
  2 ufetubi (D:5)
  2 worms
  3 dart slugs
  27 orcs
  5 ball pythons (D:1)
  5 bats
  7 endoplasms
  A giant cockroach (D:1)
  7 hobgoblins
  3 jackals (D:4)
  4 quokkas
  4 frilled lizards
  9 goblins
  21 kobolds
  A rat (D:3)
281 creatures vanquished.

Vanquished Creatures (others)
  A gnoll (D:9)
1 creature vanquished.

Grand Total: 282 creatures vanquished

Notes
Turn   | Place    | Note
-------+----------+-------------------------------------------
     0 | D:1      | Peloso the Minotaur Fighter began the quest for the Orb.
     0 | D:1      | Reached XP level 1. HP: 19/19 MP: 0/0
     1 | D:1      | Found a runed translucent door.
   104 | D:1      | Reached XP level 2. HP: 25/27 MP: 1/1
   716 | D:1      | Reached skill level 3 in Long Blades
   747 | D:1      | Reached XP level 3. HP: 33/33 MP: 2/2
   867 | D:2      | Identified the +1 ring mail of Mumblety Peg {rC+ rN+ Int+3
                  | Stlth+}
  1068 | D:2      | Found Latrack's Antique Armour Shoppe.
  1119 | D:2      | Identified the +7 rapier "Uruluwne" {pain, rC+}
  2456 | D:4      | Reached skill level 1 in Short Blades
  2456 | D:4      | Reached XP level 4. HP: 37/41 MP: 3/3
  2691 | D:4      | Reached XP level 5. HP: 47/47 MP: 4/4
  2698 | D:4      | Found a shimmering altar of Xom.
  2705 | D:4      | Noticed a black bear
  2718 | D:4      | Killed a black bear
  2719 | D:4      | Reached skill level 4 in Long Blades
  2719 | D:4      | Reached skill level 5 in Armour
  2809 | D:4      | Noticed Menkaure
  2815 | D:4      | Killed Menkaure
  2816 | D:4      | Reached XP level 6. HP: 53/53 MP: 5/5
  2871 | D:4      | Found Batron's Antique Weapon Shop.
  2877 | D:4      | Noticed an orc warrior
  2910 | D:4      | Killed an orc warrior
  2911 | D:4      | Reached skill level 1 in Dodging
  3092 | D:4      | Reached XP level 7. HP: 40/60 MP: 6/6
  3200 | D:4      | Found a staircase to the Ecumenical Temple.
  3226 | Temple   | Entered the Ecumenical Temple
  3240 | Temple   | Became a worshipper of Warmaster Okawaru
  3517 | D:4      | Found a white marble altar of Elyvilon.
  3544 | D:5      | Entered Level 5 of the Dungeon
  3582 | D:5      | Reached skill level 1 in Evocations
  3770 | D:5      | Reached skill level 5 in Short Blades
  3832 | D:5      | Reached skill level 5 in Fighting
  4455 | D:6      | Noticed a +0 falchion
  4455 | D:6      | Noticed a +0 short sword
  4455 | D:6      | Noticed a +0 dagger
  4457 | D:6      | Noticed a +0 spear
  4458 | D:6      | Noticed a +0 dagger
  4458 | D:6      | Noticed a +0 falchion
  4458 | D:6      | Noticed a +0 spear
  4458 | D:6      | Noticed a +0 short sword
  4571 | D:6      | Found a transporter.
  4575 | D:6      | Reached * piety under Okawaru
  4576 | D:6      | Reached XP level 8. HP: 69/69 MP: 7/7
  4604 | D:6      | Found a transporter.
  4662 | D:6      | Reached skill level 5 in Shields
  4821 | D:6      | Found a glowing golden altar of the Shining One.
  4993 | D:6      | Found a hide-covered altar of Uskayaw.
  5533 | D:7      | Reached skill level 1 in Stealth
  5564 | D:7      | Found a blossoming altar of Fedhas.
  5602 | D:7      | Reached ** piety under Okawaru
  5669 | D:7      | Reached XP level 9. HP: 67/78 MP: 8/8
  6158 | D:7      | Noticed Dowan
  6159 | D:7      | Noticed Duvessa
  6170 | D:7      | Killed Duvessa
  6177 | D:7      | Killed Dowan
  6392 | D:7      | Found an ornate altar of the Wu Jian Council.
  6397 | D:7      | You fall into a shaft and drop 1 floor!
  6429 | D:8      | Reached *** piety under Okawaru
  6469 | D:8      | Found an opulent altar of Gozag.
  6469 | D:8      | Found Gozag's Platinum Reserve.
  6586 | D:8      | Found a glowing silver altar of Zin.
  6600 | D:8      | Noticed Erica
  6614 | D:8      | Killed Erica
  6614 | D:8      | Received a gift from Okawaru
  6681 | D:8      | Found a snail-covered altar of Cheibriados.
  6690 | D:8      | Found a hazy altar of Hepliaklqana.
  6848 | D:8      | Found a broken altar of Ashenzari.
  6907 | D:8      | Got Zicopnev's Grimoire of the Heavy Body
  6996 | D:9      | Reached skill level 10 in Short Blades
  7040 | D:9      | Noticed a wizard
  7053 | D:9      | Noticed a komodo dragon
  7068 | D:8      | Killed a wizard
  7069 | D:8      | Reached XP level 10. HP: 86/86 MP: 7/9
  7089 | D:8      | a komodo dragon changed into an elephant
  7089 | D:8      | Noticed an elephant (shapeshifter)
  7095 | D:8      | an elephant changed into a manticore
  7095 | D:8      | Noticed a manticore (shapeshifter)
  7098 | D:8      | a manticore changed into a swamp worm
  7162 | D:9      | Noticed a centaur warrior
  7318 | D:8      | Killed a centaur warrior
  7319 | D:8      | Reached skill level 5 in Long Blades
  7335 | D:9      | Noticed a cyclops
  7446 | D:9      | Killed a cyclops
  7446 | D:9      | Reached **** piety under Okawaru
  7447 | D:9      | Reached skill level 6 in Long Blades
  7507 | D:9      | Found Mobinask's Magic Scroll Shop.
  8055 | D:9      | Reached skill level 7 in Long Blades
  8182 | D:9      | Noticed a deep elf pyromancer
  8213 | D:9      | Killed a deep elf pyromancer
  8614 | D:10     | Entered Level 10 of the Dungeon
  8722 | D:10     | Noticed a two-headed ogre
  8732 | D:10     | Killed a two-headed ogre
  8733 | D:10     | Reached skill level 10 in Armour
  8733 | D:10     | Reached skill level 1 in Invocations
  8755 | D:10     | Reached skill level 8 in Long Blades
  9000 | D:10     | Reached ***** piety under Okawaru
  9100 | D:10     | Reached XP level 11. HP: 95/95 MP: 7/10
  9199 | D:10     | Found a bloodstained altar of Trog.
  9199 | D:10     | Found a sparkling altar of Nemelex Xobeh.
  9231 | D:10     | Noticed a two-headed ogre
  9240 | D:10     | Killed a two-headed ogre
  9452 | D:10     | Reached skill level 9 in Long Blades
  9757 | D:11     | Noticed Lodul
  9784 | D:11     | Killed Lodul
  9993 | D:2      | Bought the +0 mask of the Dragon {Will+ Slay+3 SInv} for
                  | 668 gold pieces
  9993 | D:2      | Found the +0 mask of the Dragon {Will+ Slay+3 SInv}
 10323 | D:11     | Reached skill level 10 in Long Blades
 10357 | D:11     | Found a runed translucent door.
 10357 | D:11     | Noticed ripuliukko's ghost (journeyman DsEE)
 10447 | D:11     | Noticed Josephine
 10460 | D:11     | Killed Josephine
 10727 | D:11     | Reached skill level 11 in Long Blades
 10829 | D:11     | Found a staircase to the Lair.
 10925 | Lair:1   | Entered Level 1 of the Lair of Beasts
 11015 | Lair:1   | Reached skill level 10 in Fighting
 11032 | Lair:1   | Reached XP level 12. HP: 33/106 MP: 12/12
 11035 | Lair:1   | Identified the amulet "Nise" {Regen+ Stlth+}
 11147 | Lair:1   | Reached skill level 12 in Long Blades
 11205 | Lair:1   | Received a gift from Okawaru
 11205 | Lair:1   | Reached ****** piety under Okawaru
 11220 | Lair:1   | Found a frozen archway.
 11227 | IceCv    | Entered an ice cave
 11854 | IceCv    | Found the +7 great mace "Undeadhunter" {deathbane, rN+}
 11854 | IceCv    | Found the +8 frozen axe "Frostbite" {freeze, freezing
                  | cloud, *Noise Fly rC+}
 11863 | IceCv    | Identified the +0 robe of Vexation {Str+5 Int-5 Slay+5}
 11973 | Lair:1   | Reached skill level 13 in Long Blades
 12725 | Lair:2   | Mangled by a black mamba

Illustrated notes

Levels and vault maps discovered:
D:1:      dpeg_arrival_caged_fury, layout_basic, minmay_misc_feat_five
D:2:      layout_basic, serial_shops, shop, minmay_misc_feat_iff,
          nicolae_elevator_lobby_asterisk
D:3:      layout_loops_ring
D:4:      layout_loops_corners, nicolae_overflow_squiral,
          minmay_temple_entry_sparse_star, serial_shops,
          nicolae_shop_statue_plus, uniq_menkaure
D:5:      layout_cave_pods
D:6:      gammafunk_steamed_eel, layout_loops_ring, nicolae_uskayaw_en_pointe,
          kennysheep_mini
D:7:      layout_loops_ring, pdpol_wu_jian_five_deadly_venoms,
          fedhas_ov_isle_minmay, corexii_checkpoint_a, uniq_duvessa
D:8:      layout_basic, amethyst_overflow_temple_binary, zin_scriptorium,
          nicolae_gozag_zags_fifth_avenue, nicolae_overflow_crystal_walls,
          uniq_erica
D:9:      minmay_blocky_corners, layout_rooms, serial_shops,
          nicolae_shop_advertising_works [nicolae_subvault_shop_adworks],
          interstate_on_off
D:10:     layout_cave_pools, nicolae_overflow_hidden_temple
D:11:     layout_irregular_city, lair_entry_dummy, gammafunk_ghost_grave,
          kennysheep_flooded_box, uniq_josephine, uniq_lodul
Temple:   corrupted_temple
Lair:1:   layout_chaotic_city, portal_ice_cave_rime, minmay_holes
Lair:2:   lemuel_ratsnest, layout_misc_corridors, cheibrodos_lair_lostbears

Skill      XL: |  1  2  3  4  5  6  7  8  9 10 11 12 |
---------------+-------------------------------------+-----
Armour         | 4 5 6 7 8 10 11 | 11.7
Fighting       | 4 5 6 7 8 10 11 | 11.0
Long Blades    | 3 4 8 11 13 | 13.5
Shields        | 4 6 7 8 9 |  9.2
Short Blades   | 1 3 4 5 8 10 | 10.4
Dodging        | 1 2 3 4 |  4.6
Evocations     | 1 |  1.7
Stealth        | 1 2 |  2.1
Invocations    | 1 2 |  2.0

Action                     |  1- 3 |  4- 6 |  7- 9 | 10-12 || total
---------------------------+-------+-------+-------+-------++-------
  Melee: Long sword        |    60 |       |       |       ||    60
         Headbutt          |    11 |     9 |    51 |   131 ||   202
         Rapier            |    31 |    70 |   243 |       ||   344
         Scimitar          |       |       |    19 |   516 ||   535
 Invoke: Heroism           |       |       |     2 |    19 ||    21
  Evoke: Wand              |       |     3 |     4 |     4 ||    11
    Use: Potion            |     4 |       |       |     7 ||    11
         Scroll            |       |       |       |    17 ||    17
   Stab: Invisible         |       |       |       |     5 ||     5
 Armour: Scale mail        |    29 |       |       |       ||    29
         Chain mail        |    16 |    29 |    60 |   275 ||   380
         Ring mail         |     2 |       |       |       ||     2
         Plate armour      |       |    12 |    58 |       ||    70
  Dodge: Dodged            |    35 |    20 |    88 |   268 ||   411
  Block: Buckler           |    19 |    19 |    59 |   126 ||   223
         Kite shield       |       |       |       |    52 ||    52
